 Dungeon Crawl Stone Soup version 0.30-a0-347-gf58ed5266c (webtiles) character file.

Game seed: 1789632943880434706

648 p00ps00p the Trooper (level 7, -10/63 HPs)
             Began as a Hill Orc Fighter on Nov 6, 2022.
             Mangled by a sixfirhy (11 damage)
             ... on level 1 of the Abyss.
             The game lasted 00:09:43 (4765 turns).

p00ps00p the Trooper (Hill Orc Fighter)             Turns: 4765, Time: 00:09:44

Health: -10/63     AC:  7    Str: 21    XL:     7   Next: 53%
Magic:  7/7        EV:  9    Int:  8    God:
Gold:   246        SH: 10    Dex: 10    Spells: 6/6 levels left

rFire   . . .      SeeInvis .    a - +0 war axe
rCold   . . .      Faith    .    c - +0 buckler
rNeg    + . .      Spirit   .    b - +0 scale mail
rPois   .          Reflect  +    (no helmet)
rElec   .          Harm     .    (no cloak)
rCorr   .          Rampage  .    (no gloves)
Will    +....                    (no boots)
Stlth   ..........               r - amulet of reflection
HPRegen 0.30/turn                e - ring of willpower
MPRegen 0.10/turn                p - ring of positive energy

@: no status effects
A: no striking features
a: no special abilities


You were on level 1 of the Abyss.
You visited 1 branch of the dungeon, and saw 5 of its levels.
You visited the Abyss 1 time.

You collected 246 gold pieces.

Inventory:

Hand Weapons
 a - a +0 war axe (weapon)
 s - the +8 dagger "Ytsiqih" {vorpal, rC+++ Dex-4}
   (You found it on level 4 of the Dungeon)

   It inflicts extra damage upon your enemies.
   Dex:       It affects your dexterity (-4).
   rC:        It renders you almost immune to cold.
Missiles
 k - 6 poisoned darts (quivered)
Armour
 b - a +0 scale mail (worn)
 c - a +0 buckler (worn)
Jewellery
 e - a ring of willpower (left hand)
 f - an amulet of magic regeneration
 p - a ring of positive energy (right hand)
 r - an amulet of reflection (around neck)
 x - a ring of willpower
Wands
 z - a wand of iceblast (3)
Scrolls
 n - a scroll of immolation
 t - a scroll of butterflies
 v - 2 scrolls of teleportation
 w - a scroll of noise
Potions
 d - 2 potions of might
 h - 2 potions of magic {unknown}
 i - 3 potions of curing {unknown}
 j - 4 potions of heal wounds
 l - 2 potions of lignification {unknown}
 m - a potion of berserk rage {unknown}
 q - a potion of attraction {unknown}
 u - a potion of degeneration {unknown}
 A - 2 potions of mutation {unknown}


   Skills:
 + Level 6.0 Fighting
 + Level 5.8 Axes
 + Level 5.4 Armour
 + Level 5.4 Shields


You had 6 spell levels left.
You didn't know any spells.
Your spell library contained the following spells:

 Spells                   Type           Power      Damage    Failure   Level
 Necrotise                Necr           0%         1d4       82%         1
 Tukima's Dance           Hex            0%         N/A       99%         3
 Vampiric Draining        Necr           0%         2d6       99%         3
 Passage of Golubria      Tloc           0%         N/A       100%        4
 Agony                    Necr           0%         N/A       100%        5
 Yara's Violent Unravell  Hex/Tmut       0%         3d3       100%        5


Dungeon Overview and Level Annotations

Branches:
Dungeon (5/15)
 Temple: D:4-7

Altars:
Cheibriados
Vehumet
Wu Jian
Yredelemnul

Portals:
Abyss: D:5

Annotations:
D:5 1 transporter, Iich's ghost, novice MiBe


Message History

The small abomination misses you.
The kobold brigand hits you with a +0 dagger of distortion.
You are cast into the Abyss!
This branch contains the abyssal rune of Zot.
You start resting.
A sixfirhy comes into view.
The sixfirhy moves out of view.
You start resting.
A sixfirhy is nearby!
A sixfirhy is nearby!
Aiming: Iceblast
Press: ? - help, Q - select action, (/) - cycle Shift-Dir - straight line, f - sixfirhy
Aim: a sixfirhy (wandering, hasn't noticed you)
The mass of ice explodes!
The iceblast engulfs the sixfirhy!
The sixfirhy is moderately wounded.
You hear a shout!
Found a corrupted altar of Lugonu.
You miss the sixfirhy.
The sixfirhy is lightly wounded.
You block the sixfirhy's attack. x2
The sixfirhy hits you but does no damage.
The sixfirhy barely misses you. You block the sixfirhy's attack.
You closely miss the sixfirhy.
The sixfirhy is lightly wounded.
The sixfirhy hits you. The sixfirhy shocks you! The sixfirhy barely misses you.
The sixfirhy hits you. The sixfirhy shocks you!
You hit the sixfirhy.
The sixfirhy is lightly wounded.
A deep elf demonologist comes into view.
It is wielding a +0 short sword.
You miss the sixfirhy.
The sixfirhy is lightly wounded.
You block the sixfirhy's attack. x2
You miss the sixfirhy. The sixfirhy hits you.
* * * LOW HITPOINT WARNING * * *
The sixfirhy shocks you!
* * * LOW HITPOINT WARNING * * *
The sixfirhy hits you.
* * * LOW HITPOINT WARNING * * *
The sixfirhy shocks you!
You die...

...... .##
##.#. .. .∩...#
.. . .#.### .
.. #....#. #
...
#....#.#....
#....#......
#...#.....#
#..∩..#@##.....
.#.#...3.# ..
#..###.# . _...
.# .#... .
#.### .. . #.
#e .. ..


You could see a deep elf demonologist and a sixfirhy.

Vanquished Creatures
  2 necrophages (D:5)
  A scorpion (D:4)
  2 hounds
  An orc priest (D:4)
  2 orc wizards (D:4)
  4 iguanas
  16 adders
  A worm (D:2)
  4 dart slugs
  10 orcs
  6 endoplasms
  11 giant cockroaches
  5 hobgoblins
  4 jackals (D:4)
  4 kobolds
  2 quokkas
  8 ball pythons
  6 bats
  5 frilled lizards
  4 goblins
  5 rats
103 creatures vanquished.

Notes
Turn   | Place    | Note
-------+----------+-------------------------------------------
     0 | D:1      | p00ps00p the Hill Orc Fighter began the quest for the Orb.
     0 | D:1      | Reached XP level 1. HP: 19/19 MP: 1/1
   155 | D:1      | Reached XP level 2. HP: 27/27 MP: 2/2
   399 | D:1      | Reached skill level 4 in Fighting
   411 | D:1      | Reached XP level 3. HP: 33/33 MP: 3/3
  1158 | D:2      | Reached XP level 4. HP: 40/40 MP: 4/4
  1390 | D:2      | Reached XP level 5. HP: 47/47 MP: 5/5
  2044 | D:3      | Found an ornate altar of the Wu Jian Council.
  2636 | D:4      | Identified the +8 dagger "Ytsiqih" {vorpal, rC+++ Dex-4}
  2655 | D:4      | Reached skill level 5 in Fighting
  2655 | D:4      | Reached XP level 6. HP: 29/56 MP: 6/6
  3107 | D:4      | Reached skill level 5 in Axes
  3605 | D:4      | Reached skill level 5 in Armour
  3605 | D:4      | Reached skill level 5 in Shields
  3764 | D:4      | Found a basalt altar of Yredelemnul.
  3771 | D:4      | Found a snail-covered altar of Cheibriados.
  3776 | D:4      | Found a radiant altar of Vehumet.
  3843 | D:5      | Entered Level 5 of the Dungeon
  3865 | D:5      | Reached XP level 7. HP: 40/61 MP: 7/7
  4074 | D:5      | Found a transporter.
  4364 | D:5      | Found a one-way gate to the infinite horrors of the Abyss.
  4364 | D:5      | Noticed Iich's ghost (novice MiBe)
  4366 | D:5      | Found a transporter.
  4457 | D:5      | Reached skill level 6 in Fighting
  4690 | Abyss:1  | Cast into level 1 of the Abyss (kobold brigand)
  4736 | Abyss:1  | Noticed a sixfirhy
  4760 | Abyss:1  | Found a corrupted altar of Lugonu.
  4763 | Abyss:1  | Noticed a deep elf demonologist
  4765 | Abyss:1  | HP: 1/63 [sixfirhy (5)]
  4765 | Abyss:1  | Mangled by a sixfirhy

Illustrated notes

Levels and vault maps discovered:
D:1:      onia_arrival_handbag, layout_basic, chequers_serial_rivers_room_b,
          minmay_worlds_worst_comb
D:2:      layout_basic, minmay_snake_closets
D:3:      layout_basic, nzn_wu_jian_contemplation
D:4:      layout_cave_pods, minmay_overflow_temple_star_quad,
          serial_column_ruins, column_ruins_corridor_straight,
          column_ruins_open_small, column_ruins_open_small,
          column_ruins_open_large, column_ruins_columns_dead_end
D:5:      layout_gridville, gammafunk_ghost_abyssal_escape,
          minmay_misc_feat_square
Abyss:1:  base:
D:2

Skill      XL: |  1  2  3  4  5  6  7 |
---------------+----------------------+-----
Axes           | 3 4 5 |  5.8
Fighting       | 4 5 6 |  6.0
Armour         | 4 5 |  5.4
Shields        | 4 5 |  5.4

Action                   |  1- 3 |  4- 6 |  7- 9 || total
-------------------------+-------+-------+-------++-------
Melee: War axe           |    80 |   212 |    41 ||   333
Evoke: Wand              |       |       |     1 ||     1
  Use: Scroll            |       |       |     7 ||     7
Armor: Scale mail        |    39 |   108 |    14 ||   161
Dodge: Dodged            |    42 |   113 |    17 ||   172
Block: Buckler           |    21 |    94 |    34 ||   149
       Reflection        |       |     2 |       ||     2

Table legend: (Time is in decaauts)
 A = Elapsed time spent in this place.
 B = Non-inter-level travel time spent in this place.
 C = Inter-level travel time spent in this place.
 D = Time resting spent in this place.
 E = Time spent auto-exploring this place.
 F = Levels seen in this place.
 G = Mean time per level.
                   A        B        C        D        E       F      G
               +--------+--------+--------+--------+--------+-----+--------+
         Total |   4872 |   4795 |     77 |    413 |   3205 |   6 |  812.0 |
       Dungeon |   4796 |   4719 |     77 |    344 |   3205 |   5 |  959.2 |
         Abyss |     75 |     75 |      0 |     69 |      0 |   1 |   75.0 |
               +--------+--------+--------+--------+--------+-----+--------+

Top non-repeatable levels by time:
     D:4: 1269 daAuts
     D:2: 1268 daAuts
     D:5: 858 daAuts
     D:1: 827 daAuts
     D:3: 572 daAuts
 Abyss:1: 75 daAuts
